 Dungeon Crawl Stone Soup version 0.29-a0-653-gd47aff6735 (webtiles) character file.

Game seed: 10235150210267339723

200 vineage the Cudgeller (level 5, 24/42 HPs)
             Began as a Demonspawn Gladiator on June 21, 2022.
             Quit the game on level 2 of the Dungeon.
             The game lasted 00:01:08 (980 turns).

vineage the Cudgeller (Demonspawn Gladiator)         Turns: 980, Time: 00:01:08

Health: 24/42      AC:  4    Str: 16    XL:     5   Next: 48%
Magic:  5/5        EV:  7    Int: 10    God:
Gold:   68         SH: 10    Dex: 14    Spells: 4/4 levels left

rFire   . . .      SeeInvis .   a - +0 flail
rCold   . . .      Faith    .   h - +0 tower shield
rNeg    . . .      Spirit   .   b - +0 leather armour
rPois   .          Reflect  .   c - +0 helmet
rElec   .          Harm     .   (no cloak)
rCorr   .          Rampage  .   (no gloves)
Will    .....                   (no boots)
Stlth   +.........              (no amulet)
HPRegen 0.14/turn               f - +4 ring of slaying
MPRegen 0.18/turn               (no ring)

@: no status effects
A: foul stench 2, magic regeneration
a: no special abilities


You were on level 2 of the Dungeon.
You visited 1 branch of the dungeon, and saw 2 of its levels.

You collected 68 gold pieces.

Inventory:

Hand Weapons
 a - a +0 flail (weapon)
Missiles
 d - 3 throwing nets (quivered)
 e - a javelin
Armour
 b - a +0 leather armour (worn)
 c - a +0 helmet (worn)
 h - a +0 tower shield (worn)
Jewellery
 f - a +4 ring of slaying (left hand)
Scrolls
 g - a scroll of teleportation {unknown}
Potions
 i - a potion of heal wounds {unknown}
 j - a potion of curing
 k - a potion of degeneration {unknown}
 l - a potion of resistance {unknown}
 m - a potion of lignification {unknown}


   Skills:
 + Level 4.3 Fighting
 + Level 4.4 Maces & Flails
 - Level 1.7 Throwing
 - Level 2.6 Dodging


You had 4 spell levels left.
You didn't know any spells.
Your spell library was empty.

Dungeon Overview and Level Annotations

Branches:
Dungeon (2/15)

Altars:


Innate Abilities, Weirdness & Mutations

You sometimes emit foul miasma when damaged in melee.
You regenerate magic rapidly.


Message History

You block Sigmund's attack. Sigmund hits you with a +0 scythe.
You closely miss Sigmund.
Sigmund is severely wounded.
Sigmund barely misses you.
You sock Sigmund!
You kill Sigmund!
The hobgoblin hits you but does no damage.
Your Fighting skill gained 2 levels and is now at level 4!
Your Maces & Flails skill increases to level 4!
You have reached level 3!
Your experience leads to an increase in your attributes!
Increase (S)trength, (I)ntelligence, or (D)exterity?
You feel stronger. x2
You have reached level 4!
You feel clever.
Your demonic ancestry asserts itself...
Your magic begins to regenerate rapidly.
You have reached level 5!
Your demonic ancestry asserts itself...
Your foul stench grows more powerful.
You hit the hobgoblin.
You kill the hobgoblin!
m - a fuming blue potion
Things that are here:
a +0 scythe; a +0 robe; the human corpse of Sigmund
Things that are here:
a +0 scythe; a +0 robe; the human corpse of Sigmund You now have 68 gold pieces (gained 12).
Found a book of Burglary.
You thump the worm!
The worm is severely wounded.
You block the worm's attack. The worm bites you.
You sock the worm!
You kill the worm!
No target in view!
No target in view!
No target in view!
No target in view!
No target in view!
No target in view!
Are you sure you want to abandon this character and quit the game? (Confirm with "yes".)

########.)#.# #..
............#
#.############..###.#
#.#......# #......#
#.#.####.#####(###### #
#.#.##.........# ..
#.#....#.#######
...#.######.############
.....)..........@.......
#.##.######......[..:...
#.# #.#.†######.## #.#
#.##.# #.# #.##... #.#
#.###..# #.# #.# ..# #.#
#.# ..#


There were no monsters in sight!

Vanquished Creatures
  Sigmund (D:2)
  A worm (D:2)
  4 dart slugs (D:1)
  A goblin (D:2)
  5 hobgoblins
  3 jackals (D:1)
  2 quokkas
  2 kobolds (D:1)
  2 rats
21 creatures vanquished.

Notes
Turn   | Place    | Note
-------+----------+-------------------------------------------
     0 | D:1      | vineage the Demonspawn Gladiator began the quest for the
                  | Orb.
     0 | D:1      | Reached XP level 1. HP: 16/16 MP: 1/1
   245 | D:1      | Gained mutation: You may rarely emit foul miasma when
                  | damaged in melee. [demonic ancestry]
   245 | D:1      | Reached XP level 2. HP: 17/23 MP: 2/2
   944 | D:2      | Noticed Sigmund
   957 | D:2      | Killed Sigmund
   958 | D:2      | Reached XP level 3. HP: 18/30 MP: 3/3
   958 | D:2      | Gained mutation: You regenerate magic rapidly. [demonic
                  | ancestry]
   958 | D:2      | Reached XP level 4. HP: 23/37 MP: 4/4
   958 | D:2      | Gained mutation: You sometimes emit foul miasma when
                  | damaged in melee. [demonic ancestry]
   958 | D:2      | Reached XP level 5. HP: 26/42 MP: 5/5
   980 | D:2      | Quit the game

Illustrated notes

Levels and vault maps discovered:
D:1:      shiori_arrival_maze, layout_rooms
D:2:      layout_basic, serial_shops, nicolae_shop_advertising_works
          [nicolae_subvault_shop_adworks], uniq_sigmund

Skill      XL: |  1  2 |
---------------+-------+-----
Maces & Flails | 3 4 |  4.4
Fighting       | 4 |  4.3
Throwing       | |  1.7
Dodging        | |  2.6

Action                   |  1- 3 |  4- 6 || total
-------------------------+-------+-------++-------
Melee: Flail             |    55 |     3 ||    58
  Use: Scroll            |     2 |       ||     2
Armor: Leather armour    |    18 |       ||    18
Dodge: Dodged            |    31 |       ||    31
Block: Tower shield      |    14 |     1 ||    15

Table legend: (Time is in decaauts)
 A = Elapsed time spent in this place.
 B = Non-inter-level travel time spent in this place.
 C = Inter-level travel time spent in this place.
 D = Time resting spent in this place.
 E = Time spent auto-exploring this place.
 F = Levels seen in this place.
 G = Mean time per level.
                   A        B        C        D        E       F      G
               +--------+--------+--------+--------+--------+-----+--------+
         Total |   1007 |    975 |     32 |      0 |    785 |   2 |  503.5 |
       Dungeon |   1007 |    975 |     32 |      0 |    785 |   2 |  503.5 |
               +--------+--------+--------+--------+--------+-----+--------+

Top non-repeatable levels by time:
     D:1: 838 daAuts
     D:2: 169 daAuts
